Cogmind - Beta 15 @@@ ROGUE MODE // 2025.06.01 @ 00:36:51 Player: Skysub Result: Destroyed by 48-1O7(R) with Subdweller Laser Performance ------------- Evolutions (0) 0 Regions Visited (2) 400 Robots Destroyed (37) 185 Value Destroyed (607) 607 Prototype IDs (11) 220 Alien Tech Used (0) 0 Bonus (0) 0 TOTAL SCORE: 1412 Bonus ------- None Cogmind --------- Core Integrity 0/250 Matter 149/300 Energy 199/200 System Corruption 0% Temperature Cool (6) Movement Rolling (120) Ox1 Location -10/Subcaves Parts ------- > --- POWER (1) -------- Subdweller Power Source > --- PROPULSION (2) --- Spiked Treads Subdweller Monowheel > --- UTILITY (2) ------ Large Storage Unit Structural Scanner > --- WEAPON (2) ------- Subdweller Shrapnel Launcher > --- INVENTORY (15) --- Subdweller Power Source Subdweller Monowheel Subdweller Monowheel Small Storage Unit Machine Analyzer Subdweller Optics Subdweller Optics Power Bank Rainbow Chip Medium Laser Small Laser Subdweller Machine Gun Mining Laser Mace Peak State ------------ > --- POWER ------------ (None) > --- PROPULSION ------- Spiked Treads Spiked Treads > --- UTILITY ---------- Large Storage Unit Medium Armor Plating > --- WEAPON ----------- Subdweller Beam Cannon Subdweller Shrapnel Launcher > --- INVENTORY -------- Subdweller Power Source Subdweller Monowheel Subdweller Monowheel Subdweller Monowheel Small Storage Unit Structural Scanner Machine Analyzer Subdweller Optics Subdweller Optics Power Bank Medium Laser Small Laser Subdweller Machine Gun Mining Laser Mace [Rating: 14] Favorites ----------- Power Ion Engine Engine Ion Engine Propulsion Light Treads Treads Light Treads Wheel Subdweller Monowheel Utility Large Storage Unit Device Structural Scanner Storage Large Storage Unit Protection Medium Armor Plating Weapon Medium Laser Energy Gun Medium Laser Energy Cannon Subdweller Beam Cannon Launcher Subdweller Shrapnel Launcher Impact Weapon Mace Build | -11 -10 -10 ------- Run | Yrd Mat Sub Slots Evolved . | . . . Power . | . . . Propulsion . | . . . Utility . | . . . Weapon . | . . . Parts Attached 16 | 6 2 8 Power 2 | 1 . 1 Engine 2 | 1 . 1 Core . | . . . Reactor . | . . . Propulsion 5 | 2 . 3 Treads 4 | 2 . 2 Leg . | . . . Wheel 1 | . . 1 Hover . | . . . Flight . | . . . Utility 4 | 1 2 1 Device 1 | . 1 . Storage 2 | 1 1 . Processor . | . . . Hackware . | . . . Protection 1 | . . 1 Artifact . | . . . Weapon 5 | 2 . 3 Energy Gun 2 | 2 . . Energy Cannon 1 | . . 1 Ballistic Gun . | . . . Ballistic Cannon . | . . . Launcher 1 | . . 1 Special Weapon . | . . . Impact Weapon 1 | . . 1 Slashing Weapon . | . . . Piercing Weapon . | . . . Special Melee Weapon . | . . . Unidentified Prototypes . | . . . Parts Lost 4 | . . 4 Power 1 | . . 1 Propulsion 1 | . . 1 Utility 1 | . . 1 Weapon 1 | . . 1 Highest Loss Streak 3 | . . 3 To Critical Strikes . | . . . Average Backups 10 | 3 7 14 Power 1 | . 1 1 Propulsion 2 | 1 2 2 Utility 3 | . 2 5 Weapon 3 | . 2 4 Tool/Special . | . . . Unused Backups 15 | . . 15 Power 2 | . . 2 Propulsion 4 | . . 4 Utility 6 | . . 6 Weapon 3 | . . 3 Tool/Special . | . . . Average Slot Usage (%) 89 | . 86 93 Engine 11 | . 14 9 Treads 27 | . 28 26 Device 5 | . 1 10 Storage 14 | . 14 14 Protection 1 | . . 2 Energy Gun 21 | . 28 13 Energy Cannon 4 | . . 9 Peak Build Rating 14 | 6 8 14 Average Rating 8 | 4 6 11 On Entrance 4 | . 6 8 Naked Turns . | . . . Heaviest Build 42 | 13 33 42 Greatest Support 40 | 40 40 40 Greatest Overweight (x) 2 | 2 . 1 Average Overweight (x) . | . . . Largest Inventory Capacity 15 | 8 15 15 Average Capacity 13 | 7 12 15 Most Carried 15 | 5 9 15 Average Carried 10 | 3 7 14 Final Capacity 15 | 8 15 15 Final Carried 14 | 5 9 14 Class Distribution -------------------- 100% | Mutant Dominant Class ---------------- Mutant | -10/Materials Mutant | -10/Subcaves Resources | -11 -10 -10 ----------- Run | Yrd Mat Sub Matter Collected 340 | 181 75 84 Remotely . | . . . Salvage Created 903 | 28 557 318 Parts 65 | 3 42 20 Haulers Intercepted 2 | . 2 . Recyclers Shooed . | . . . Parts Field Recycled . | . . . Retrieved Matter . | . . . Parts Self-Destructed 5 | . . 5 Prevented . | . . . Kills | -11 -10 -10 ------- Run | Yrd Mat Sub Combat Hostiles Destroyed 20 | . 8 12 Guns 14 | . 8 6 Cannons 3 | . . 3 AOE 3 | . . 3 Classes Destroyed 8 | 1 6 1 Worker 3 | . 3 . Builder 9 | . 9 . Tunneler 2 | 1 1 . Hauler 2 | . 2 . Watcher 1 | . 1 . Swarmer 9 | . 5 4 Grunt 3 | . 3 . Subdweller 8 | . . 8 Best Kill Streak 5 | 1 4 5 Combat Bots Only 5 | . 3 5 Max Kills in Single Turn 2 | 1 2 2 Gunslinging 1 | . 1 . Exploded 1 | . . 1 Melee . | . . . Uniques/NPCs Destroyed . | . . . Combat | -11 -10 -10 -------- Run | Yrd Mat Sub Hostile Shots Fired 99 | . 41 58 Missed 26 | . 9 17 Hits 73 | . 32 41 Projectile 73 | . 32 41 Damage Taken 1147 | . 328 819 Core 266 | . 57 209 Absorbed by Shields . | . . . Core Remaining (%) 100 | 100 . . Volleys Fired 87 | 3 50 34 Largest 2 | 2 2 2 Hottest 130 | 90 90 130 Shots Fired 167 | 6 100 61 Gun 141 | 6 100 35 Cannon 20 | . . 20 Launcher 6 | . . 6 Special . | . . . Kinetic 6 | . . 6 Thermal 161 | 6 100 55 Explosive . | . . . Electromagnetic . | . . . Robot Hit Streak 12 | 1 12 8 Robot Miss Streak 4 | 2 4 4 Penetration Max . | . . . Secondary Targets 2 | . 2 . Max Gunslinging Chain 1 | . 1 . Shots Hit Robots 97 | 2 65 30 Core Hits 54 | 1 33 20 Critical Kills . | . . . Critical Parts Destroyed . | . . . Critical Strikes 6 | . 4 2 Burn 6 | . 4 2 Melee Attacks . | . . . Impact . | . . . Slashing . | . . . Piercing . | . . . Sneak Attacks . | . . . Combat Hostiles . | . . . Follow-up Attacks . | . . . Damage Inflicted 1678 | 24 836 818 Guns 1071 | 24 794 253 Cannons 159 | . . 159 Explosions 406 | . . 406 Melee . | . . . Ramming 42 | . 42 . Kinetic 406 | . . 406 Thermal 1230 | 24 794 412 Explosive . | . . . Electromagnetic . | . . . Impact . | . . . Slashing . | . . . Piercing . | . . . Highest Corruption . | . . . Average Corruption . | . . . Corruption Purged . | . . . Corruption Blocked . | . . . Overload Shots . | . . . Overflow Damage 12 | . . 12 Projectiles 12 | . . 12 Explosions . | . . . Melee . | . . . Knockbacks . | . . . Impact . | . . . Kinetic . | . . . Secondary . | . . . Self-Inflicted Damage . | . . . Shots . | . . . Rammed 9 | . 9 . Targets Rammed 9 | . 9 . Kicked . | . . . Crushed . | . . . Highest Temperature 204 | 90 204 66 Average Temperature 61 | 48 67 29 Received Heat Transfer 252 | . 120 132 Siege Activations . | . . . Martial Activations . | . . . Shielding Activations . | . . . Robots Disrupted . | . . . Combat Hostiles . | . . . Robots Corrupted . | . . . Combat Hostiles . | . . . Parts Fried . | . . . Impact Corruptions . | . . . Robots Melted . | . . . Combat Hostiles . | . . . Parts Melted 6 | . 5 1 Heat Transferred 3552 | 62 2415 1075 Parts Sabotaged . | . . . Parts Stolen . | . . . Parts Stripped . | . . . Power Chain Reactions . | . . . Alert | -11 -10 -10 ------- Run | Yrd Mat Sub Maximum Alert Level . | . . . Low Security (%) 100 | 100 100 . Level 1 . | . . . Level 2 . | . . . Level 3 . | . . . Level 4 . | . . . Level 5 . | . . . High Security . | . . . Max Security . | . . . Peak Influence 120 | 5 120 . Initial . | . . . Average 19 | . 21 . Influence Increases 456 | 5 311 140 Destroy 0b10 Robot/C 240 | . 160 80 Destroy 0b10 Robot/NC 85 | 5 80 . Destroy Leader 36 | . 36 . Successful Hack 5 | . 5 . Select Force Hacks 30 | . 30 . Lose Combat Pursuer 60 | . . 60 Influence Decreases 456 | 5 311 140 Time Decay 436 | 5 311 120 Lost Part 20 | . . 20 Squads Dispatched 1 | . 1 . Investigation 1 | . 1 . Extermination . | . . . Reinforcement . | . . . Assault . | . . . Garrison . | . . . Intercept . | . . . Searches Triggered . | . . . Construction Impeded . | . . . Haulers Reinforced . | . . . Active Scanning Responses . | . . . Cargo Convoy Interrupts . | . . . Stealth | -11 -10 -10 --------- Run | Yrd Mat Sub Distress Signals 1 | . 1 . Communications Jammed . | . . . Distress Signals . | . . . Times Spotted 31 | . 14 17 Peak Tracking Total 5 | . 5 4 Tactical Retreats 2 | . . 2 Traps | -11 -10 -10 ------- Run | Yrd Mat Sub Traps Triggered 3 | . . 3 Indirectly . | . . . Trap Hack Attempts . | . . . Triggered . | . . . Disarmed . | . . . Reprogrammed . | . . . Reused . | . . . Traps Extracted . | . . . Installed . | . . . Triggered . | . . . Machines | -11 -10 -10 ---------- Run | Yrd Mat Sub Machines Disabled 1 | . . 1 Max in Single Turn 1 | . . 1 Machines Repaired . | . . . Machines Dismantled . | . . . Machines Sabotaged . | . . . Overloaded Fab Kills . | . . . Hacking | -11 -10 -10 --------- Run | Yrd Mat Sub Machines Accessed 4 | . 3 1 Terminals 2 | . 2 . Fabricators . | . . . Repair Stations . | . . . Recycling Units 1 | . 1 . Scanalyzers . | . . . Garrison Access . | . . . Total Hacks 8 | . 7 1 Successful 6 | . 5 1 Failed 2 | . 2 . Catastrophic . | . . . Database Lockouts . | . . . Manual 4 | . 4 . Terminals 4 | . 4 . Fabricators . | . . . Repair Stations . | . . . Recycling Units 3 | . 3 . Scanalyzers . | . . . Garrison Access . | . . . Terminal Hacks 2 | . 1 1 Alert Level 1 | . 1 . Proto ID Catalog 1 | . . 1 Fabricator Hacks . | . . . Repair Station Hacks . | . . . Recycling Unit Hacks 1 | . 1 . Report Inventory 1 | . 1 . Scanalyzer . | . . . Garrison Access Hacks . | . . . Unauthorized Hacks 3 | . 3 . Terminals 2 | . 2 . Botnet 2 | . 2 . Fabricators . | . . . Repair Stations . | . . . Recycling Units 1 | . 1 . Tunnel 1 | . 1 . Scanalyzers . | . . . Garrison Access . | . . . Data Cores Recovered . | . . . Used . | . . . Hacking Detections 3 | . 3 . Full Trace Events . | . . . Feedback Events . | . . . Feedback Blocked . | . . . Robot Schematics Acquired . | . . . Robots Built . | . . . Authchips . | . . . Time . | . . . Total Robot Build Rating . | . . . Part Schematics Acquired . | . . . Parts Built . | . . . Authchips . | . . . Time . | . . . Total Part Build Rating . | . . . Parts Repaired . | . . . Time . | . . . Parts Recycled . | . . . Recycled Matter . | . . . Retrieved Matter . | . . . Retrieved Components . | . . . Parts Scanalyzed . | . . . Part Schematics Acquired . | . . . Parts Damaged . | . . . Bothacking | -11 -10 -10 ------------ Run | Yrd Mat Sub Used RIF Installer . | . . . Robots Hacked . | . . . Non-combat . | . . . Combat . | . . . Robot Hacks Applied . | . . . Relay Couplers Released . | . . . Fabnet Peak Effective % . | . . . Robots Rewired . | . . . Allies Hacked . | . . . Hacks Repelled . | . . . Allies | -11 -10 -10 -------- Run | Yrd Mat Sub Total Allies . | . . . Largest Group . | . . . Highest-Rated Group . | . . . Highest-Rated Ally . | . . . Total Orders . | . . . Ally Attacks . | . . . Total Damage . | . . . Kills . | . . . Allies Corrupted . | . . . Allies Melted . | . . . Intel | -11 -10 -10 ------- Run | Yrd Mat Sub Active Infowar (turns) 1159 | . 107 1052 Structural 1159 | . 107 1052 Robot Analysis Total . | . . . Derelict Logs Recovered . | . . . Drone Launches . | . . . Drone Recoveries . | . . . Exploration | -11 -10 -10 ------------- Run | Yrd Mat Sub Turns Passed 2991 | 124 1491 1376 Spaces Moved 1430 | 67 595 768 Core 14 | 14 . . Treads 1297 | 53 595 649 Legs . | . . . Wheels 119 | . . 119 Hover . | . . . Flight . | . . . Fastest Speed 50 | 50 160 120 Average Speed 159 | 151 160 160 Slowest Speed 250 | 160 160 250 Overloaded Moves . | . . . Propulsion Burnouts . | . . . Robots Hopped . | . . . Potential Cave-ins . | . . . Cave-ins Triggered . | . . . Exploration Rate (%) 31 | 5 46 44 Regions Visited 2 Branch Regions 1 Pre-discovered Areas 2 | . 1 1 Known Exits Taken . | . . . Unknown Exits Taken 2 | 1 1 . Scrap Searched 4 | . . 4 Spaces Dug 1 | . . 1 Terrain Destroyed 69 | . . 69 Melee . | . . . Projectile 4 | . . 4 AOE 65 | . . 65 Terrain Rammed . | . . . Walls Destroyed . | . . . Machines Disabled . | . . . Actions | -11 -10 -10 --------- Run | Yrd Mat Sub Total 1955 | 80 1028 847 Wait 381 | . 369 12 Move 1428 | 66 594 768 Hop . | . . . Pick Up 20 | 5 3 12 Fast Attach 9 | 6 2 1 Attach 2 | . . 2 Detach 1 | . 1 . Swap 10 | . . 10 Drop 8 | . . 8 Fire 87 | 3 50 34 Melee . | . . . Ram . | . . . Kick . | . . . Crush 9 | . 9 . Escape Stasis . | . . . Rewire . | . . . Trap . | . . . Miscellaneous . | . . . Route ------- -11/Scrapyard -10/Materials (discovered 2 exits: [*Mat] / *Sub) -10/Subcaves History --------- Turn | Location | Event 16 | -11/Scrapyard | Discovered new exit (range 16) 125 | -11/Scrapyard | Entered Materials 316 | -10/Materials | Build established: Mutant 377 | -10/Materials | Discovered new exit (range 6) 655 | -10/Materials | Discovered new exit (range 7) 1616 | -10/Materials | Entered Subcaves 1617 | -10/Subcaves | Approached by a straggling Scientist 2151 | -10/Subcaves | Learned location of Zion (-6) 2151 | -10/Subcaves | Met a Zionite searching for "candidates" 2177 | -10/Subcaves | Core integrity fell below 50% 2464 | -10/Subcaves | Visited 4L-MR0's lab 2485 | -10/Subcaves | Found Power Bank 2610 | -10/Subcaves | Shifting Twisted Machinery released Sub. Power Source 2702 | -10/Subcaves | Shifting Twisted Machinery released Sub. Beam Cannon 2826 | -10/Subcaves | A Subdweller sparked back to life 2826 | -10/Subcaves | A Subdweller sparked back to life 2826 | -10/Subcaves | A Subdweller sparked back to life 2837 | -10/Subcaves | Ambushed by Subdweller buried in earth 2837 | -10/Subcaves | Ambushed by Subdweller buried in earth 2844 | -10/Subcaves | Found Rainbow Chip 2847 | -10/Subcaves | Core integrity fell below 20% 2874 | -10/Subcaves | Lost 3 parts (1n1u1w) 2992 | -10/Subcaves | Destroyed by 48-1O7(R) with Subdweller Laser Last Messages --------------- move. Acquired 10 matter. Spk. Treads destroyed. Sub. Optics melted. 21-Z4J(R) destroyed. 5H-RQS(R) destroyed. Subatomizers dissect the Sub. Monowheel. Med. Armor Plating destroyed. PN-RW1(R) destroyed. CM-L8S(R): "HIDIE!" PK-9GQ(R): "GOODGOOD!" Sub. Beam Cannon destroyed. Acquired Rainbow Chip. Subatomizers dissect the Sub. Laser. PK-9GQ(R) destroyed. CM-L8S(R) destroyed. Subatomizers dissect the Sub. Machine Gun. Acquired Sub. Power Source. The unstable cave ceiling collapses. Subatomizers dissect the Sub. Machine Gun. Map ----- +----------------------------------------------------+ | ????# ### #### ###### ##??#### ## | | ????# ### ## ##### ???###### | | ????# # [ # ## # ######% ##?##### | | ????# [%[ = ##?## ###?#### | | ?????# %[ ##??? ####?###" | | ?????# & ## # ###?? ###??## " | | ?????# & ### ##?? ##??### " | | ?????# ### #####?? #??### # | | ?????###" "#### ####### ???## " | | ???????##### "######### #####?### ?????## "" | | ??????????## ## ### ####??## ????## """ | | ??????????## ###??? ????## "" | | ??????????### ##?? ????## " | | ??????????## ## ##?? ???## | | ??????????## ### ###### ### ???## | | ??????????## ## # ##### ### ##### | | ??????????### ## #### ###### | | ??????????###### # ##### ## ## | | ???????????###### ### ##### ## | | ??????????????#### #### #### [ | | ????????????????## ##### #### | | ???????????####??####### ### | | ??????????######??###### ##### | | ??????????### ######### ###### | | ??????????## ###### ####?## ###### ### | | ??????????## #### @###??############ #### | | ??????????## ### ###????##### ### ## | | ??????????### ##???#### ## | | ???????????### ###??### ### | | ???????????### ### ##??## = #### | | ????????????## ##### ##??## ####? | | ????????????### ###### ??## ####?? | | ????????????#### R ### ### ### ####??? | | ?????????????### R#### ### ### ####???? | | ??????????????## #### ### ### ####???? | | ?????????????### ### ########### ####### | | ?????????????### ## ############ ###### | | ?????????????## ##???????### ### | | ?????????????## ##???????### | | ??????????##### ####?????#### | | ??????????##### #### ### ?????## ## " # | | ??????????## #### ##???????### ## ""## | | ??????????## ### ##??????## "# #### ""## | | ??????????## ## # ?????? "" ###### ## | | ??????????### ## ???? " ###?## # | | ??????????### ## ### ?? "" ##??##### " | | ??????????## ## ## ? "" ##??##### | | ??????????## ### # ###????????## " | | ??????????### #### ###???????## " | | ??????????######### ### ##???????## " | +----------------------------------------------------+ Best States ------------- Heat Dissipation 25 Energy Generation 15 Energy Capacity 250 Matter Stores 300 Matter Capacity 300 Sight Range 16 Terrain Scan Density 10 Armor Coverage 225 Evasion (%) 40 Recoil Reduction 2 Item Schematics ----------------- None Robot Schematics ------------------ None Fabricated ------------ Nothing Repaired ---------- Nothing Alien Tech Used ----------------- None Achievements -------------- None Challenges ------------ None Game ------ Seed OpticalLargeTearclaws Manual? 0 Play Time 00:16:30 Cumulative 113.7 hours Start 2025.06.01 @ 00:22:40 End 2025.06.01 @ 00:36:51 Sessions 1 Manual Loads 0 Difficulty Rogue Special Mode None Game No. 118 Rogue 118 Adventurer 0 Explorer 0 Win Type - Total 2 Types 1/0/0/1/0/0/0/0/0/0 Lore% 59 Gallery% 55 Achievement% 49 Wizard Run 0 Options --------- Layout 1 ASCII 0 Keyboard 1 Movement Arrows Keybinds 0 Fullscreen 1 Font 36/Smallcaps Map View 50x40 Zoom Use 0% Tactical HUD 0 Map Filters NONE Filters NONE Steam 1 RUN: 0eb621fd-d2a8-46e2-a4a1-8f04e23dd98c